 Dungeon Crawl Stone Soup version 0.31-a0-105-gc0b45f0da6 (webtiles) character file.

Game seed: 15686753058054982312

190947 Kenran the Brawler (level 17, -26/129 HPs)
             Began as a Vampire Fighter on May 26, 2023.
             Was the Champion of Hepliaklqana.
             Annihilated by a nagaraja
             ... wielding a +0 club
              (29 damage)
             ... on level 4 of the Snake Pit on May 27, 2023.
             The game lasted 01:08:27 (32197 turns).

Kenran the Brawler (Vampire Fighter)               Turns: 32197, Time: 01:08:28

Health: -26/129    AC: 24    Str: 20    XL:     17   Next: 56%
Magic:  22/24      EV: 15    Int: 12    God:    Hepliaklqana [******]
Gold:   844        SH: 11    Dex: 17    Spells: 16/16 levels left

rFire   + .          .
                       - Unarmed
rCold   + . .        x - +0 kite shield
rNeg    + . .        p - +0 swamp dragon scales
rPois   +            j - +2 helmet
rElec   .            W - +2 cloak
rCorr   .            V - +2 pair of gloves {Str+3}
SInv    +            b - +3 pair of mountain boots {steadfast, rC+}
Will    +....        P - amulet of Liberty {Rampage rF+ Regen+ Str-3}
Stlth   +            a - +4 ring of slaying
HPRegen 1.41/turn    L - ring of positive energy
MPRegen 0.19/turn

%: rampage
@: lethally poisoned (-26 -> -26), about to teleport, weakened, healing quickly,
constricted
A: reduced essence, alive, fangs 3, see invisible, vampiric 2, agile 1,
MP-powered wands
}: 1/15 runes: decaying
a: Exsanguinate, Renounce Religion, Recall Ancestor, Ancestor Identity,
Transference, Idealise


You were on level 4 of the Snake Pit.
You worshipped Hepliaklqana.
Hepliaklqana was exalted by your worship.
You visited 6 branches of the dungeon, and saw 31 of its levels.
You also visited: Bailey.

You collected 3701 gold pieces.
You spent 2857 gold pieces at shops.

Inventory:

Armour
 b - the +3 pair of mountain boots (worn) {steadfast, rC+}
   (You acquired it on level 3 of the Swamp)

   Steadfast: It prevents involuntary movement, except for blinking,
   teleportation, or banishment.
   rC:        It protects you from cold.
 e - a +2 chain mail of poison resistance
 j - a +2 helmet (worn)
 p - +0 swamp dragon scales (worn)
 x - a +0 kite shield (worn)
 G - the +1 scale mail of Lyov Raz {+Inv rElec Will++ SInv}
   (You found it on level 9 of the Dungeon)

   rElec:     It insulates you from electricity.
   SInv:      It lets you see invisible.
   +Inv:      It lets you turn invisible.
   Will:      It greatly increases your willpower.
 S - a +2 tower shield of protection
 V - a +2 pair of gloves of strength (worn)
 W - a +2 cloak (worn)
Jewellery
 a - a +4 ring of slaying (left hand)
 D - a ring of poison resistance
 L - a ring of positive energy (right hand)
 P - the amulet of Liberty (around neck) {Rampage rF+ Regen+ Str-3}
   (You bought it in a shop on level 2 of the Orcish Mines)

   [amulet of regeneration]

   Str:       It affects your strength (-3).
   rF:        It protects you from fire.
   Regen:     It increases your rate of health regeneration.
   Rampage:   It bestows one free step when moving towards enemies.
 R - a ring of ice
Wands
 c - a wand of mindburst (27)
 i - a wand of roots (43)
 l - a wand of paralysis (16)
 o - a wand of flame (64)
 E - a wand of digging (32)
 K - a wand of polymorph (15)
Scrolls
 f - 10 scrolls of enchant armour
 g - 3 scrolls of fear
 h - 5 scrolls of teleportation
 k - 4 scrolls of fog
 m - 12 scrolls of poison {!r}
 r - a scroll of blinking
 t - a scroll of vulnerability {!r}
 y - 3 scrolls of summoning
 H - 2 scrolls of immolation {!r}
 I - 4 scrolls of amnesia
 N - 2 scrolls of torment {!r}
 O - 4 scrolls of magic mapping
 T - 2 scrolls of identify {@r1}
Potions
 n - 3 potions of cancellation
 s - 2 potions of heal wounds {@q2}
 u - 6 potions of mutation {!q}
 v - 3 potions of enlightenment
 w - 5 potions of curing {@q1}
 z - 4 potions of brilliance
 A - 3 potions of haste
 B - 2 potions of resistance
 C - 2 potions of invisibility
 F - 7 potions of attraction {!q}
 J - 3 potions of lignification {!q}
 U - a potion of ambrosia
Miscellaneous
 Q - a box of beasts (inert)


   Skills:
 - Level 16.0 Fighting
 - Level 10.0 Armour
 - Level 14.0 Dodging
 + Level 8.9 Shields
 - Level 18.0 Unarmed Combat
 - Level 10.0 Invocations
 + Level 5.4 Evocations


You had 16 spell levels left.
You didn't know any spells.
Your spell library contained the following spells:

 Spells                   Type           Power      Damage    Failure   Level
 Cigotuvi's Dreadful Rot  Necr/Pois/Air  0%         N/A       83%         2
 Scorch                   Fire           0%         2d5       83%         2
 Searing Ray              Conj           0%         2d4       83%         2
 Inner Flame              Hex/Fire       0%         N/A       96%         3
 Ozocubu's Armour         Ice            0%         N/A       96%         3
 Stone Arrow              Conj/Erth      0%         3d7       96%         3
 Vhi's Electric Charge    Tloc/Air       0%         N/A       96%         3
 Animate Armour           Summ/Erth      0%         N/A       100%        4
 Animate Dead             Necr           0%         N/A       100%        4
 Dispel Undead            Necr           0%         3d6       100%        4
 Flame Wave               Conj/Fire      0%         2d4       100%        4
 Sticky Flame             Conj/Fire      0%         2d3       100%        4
 Summon Lightning Spire   Summ/Air       0%         N/A       100%        4
 Arcjolt                  Conj/Air       0%         1d10      100%        5
 Blade Hands              Tmut           0%         N/A       100%        5
 Metabolic Englaciation   Hex/Ice        0%         N/A       100%        5
 Death Channel            Necr           0%         N/A       100%        6
 Simulacrum               Ice/Necr       0%         N/A       100%        6
 Summon Cactus Giant      Summ           0%         N/A       100%        6
 Orb of Destruction       Conj           0%         9d5       100%        7
 Lehudib's Crystal Spear  Conj/Erth      0%         10d2      100%        8
 Maxwell's Capacitive Co  Air            0%         ∞         100%        8


Dungeon Overview and Level Annotations

Branches:
Dungeon (15/15)            Temple (1/1) D:6            Lair (5/5) D:10
  Swamp (4/4) Lair:2        Snake (4/4) Lair:3        Slime (0/5) Lair:4
    Orc (2/2) D:11            Elf (0/3) Orc:2        Vaults (0/5) D:14
 Depths (0/4) D:15         Bailey (visited)

Altars:
Ashenzari
Cheibriados
Dithmenos
Fedhas
Gozag
Hepliaklqana
Kikubaaqudgha
Makhleb
Nemelex Xobeh
Okawaru
Qazlal
Ru
Sif Muna
Trog
Uskayaw
Vehumet
Wu Jian
Xom
Yredelemnul
Jiyva

Shops:
D:4 :   D:8 *   D:12 [   Orc:1 :   Orc:2 =(*[*   Snake:3 :

Portals:
Trove: D:11 (give 4 potions of resistance)

Annotations:
D:11 exclusion: downstairs
D:12 exclusion: downstairs
Temple 2 transporters
Snake:2 1 runed translucent door, exclusion: downstairs
Snake:4 Agnes, Mlioglotl


Innate Abilities, Weirdness & Mutations

Your life essence is reduced to manifest your ancestor. (-10% HP)
Your natural rate of healing is accelerated.
You have razor-sharp teeth.
You have supernaturally acute eyesight. (SInv)
You are afflicted with vampirism and can become a bat while bloodless.
You are agile. (Dex +4, Str/Int -1)
You expend magic power (3 MP) to strengthen your wands.


Message History

The salamander tyrant hits you but does no damage.
The guardian serpent hits you!
* * * LOW HITPOINT WARNING * * *
You hear a shout!
The nagaraja shouts!
You hear an angry hiss.
Blink to where?
Press: ? - help, Dir - move target The nagaraja's grasp on you weakens, but your attempt to escape fails.
As you read the scroll of blinking, it crumbles to dust.
You feel sick. You block the nagaraja's attack. The nagaraja constricts you.
* * * LOW HITPOINT WARNING * * *
The anaconda completely misses you. The naga closely misses you.
The naga completely misses you.
The naga mage casts a spell at the naga.
The naga seems to grow toxic.
A salamander mystic comes into view. It is wielding a +1 dagger of venom.
You block the nagaraja's attack. The guardian serpent hits you!
* * * LOW HITPOINT WARNING * * *
The naga warrior roars a battlecry!
The nagas go into a battle-frenzy!
The naga mage gestures wildly while chanting.
The naga mage seems to speed up.
The guardian serpent hits you but does no damage.
The salamander tyrant gazes fiercely through you!
You feel your attacks grow feeble.
The salamander tyrant barely misses you.
A salamander comes into view.
You hear a shout!
Blink to where?
Press: ? - help, Dir - move target, f - you
Okay, then.
Unknown command.
You punch the guardian serpent!
The guardian serpent is moderately wounded.
You feel sick.
You hear an angry hiss.
You block the anaconda's attack.
An anaconda comes into view.
The guardian serpent hits you but does no damage.
The nagaraja hits you with a +0 club!!
You die...

# 8.8.8N8N8.8.... #
.NN............ #
...N........⌠.. #
...N..NN....... #
8.8N8N8.8.8.... #
S..N...S......≣≣# #
...N.⌠NSN.....≣.##### .
.N.N.NS@N⌠...≣≣..##.##
..N.N.SNN..≣≣≣.......#
.........≣≣≣(........##
≣≣≣≣≣≣≣≣≣≣.<..........##
...................
.........###.......
........## ###..###
........# ##.#..
........### #.+..


You could see 6 nagarajas, 4 naga warriors, a salamander tyrant (strong), a
salamander mystic (strong), 2 salamanders, 3 anacondas, 2 guardian serpents, 3
naga magi and 5 nagas.

Vanquished Creatures
  Nikola (Swamp:2)
  Jorgrun (D:13)
  Gastronok (Lair:2)
  A thorn hunter (Swamp:2)
  A fenstrider witch (Swamp:1)
  The ghost of Cahekav the Fighter, a journeyman DrIE of Dithmenos (Swamp:3)
  A stone giant (D:15)
  An eleionoma (Swamp:3)
  2 bunyips (Swamp:4)
  A shambling mangrove (Swamp:4)
  Josephine (D:14)
  Erolcha (D:9)
  13 hydras
  A catoblepas (Lair:5)
  A death knight (D:15)
  5 centaur warriors
  4 two-headed ogres
  8 alligators
  Erica (Orc:1)
  8 naga warriors
  8 anacondas
  12 naga sharpshooters
  3 orc high priests
  5 death yaks
  3 shock serpents
  2 spriggans (Swamp:4)
  6 skeletal warriors
  2 deep trolls (D:15)
  7 bog bodies
  11 swamp dragons
  A wizard (D:14)
  A lindwurm (Lair:3)
  6 naga ritualists
  2 orc sorcerers (Orc:2)
  2 deep elf pyromancers
  10 ugly things
  4 will-o-the-wisps
  A deep elf zephyrmancer (D:14)
  2 necromancers
  3 cyclopes
  4 orc knights
  7 mana vipers
  3 manticores
  4 elephants (Lair:5)
  10 salamanders
  25 black mambas
  A guardian serpent (Snake:4)
  3 naga magi
  6 cane toads
  A gargoyle (D:13)
  Maggie (D:9)
  6 komodo dragons
  3 freezing wraiths (D:14)
  A tengu conjurer (D:13)
  A rime drake (Lair:1)
  A troll (shapeshifter) (D:13)
  5 hornets (Swamp:4)
  5 trolls
  2 polar bears
  7 tyrant leeches
  4 blink frogs
  4 dream sheep (Lair:5)
  9 slime creatures
  Sigmund (D:2)
  23 yaks
  3 wyverns
  5 vampires
  Grum (Lair:1)
  8 wraiths
  A steam dragon (Lair:3)
  2 basilisks
  8 vampire mosquitoes
  Menkaure (D:5)
  7 wargs
  22 nagas
  8 water moccasins
  8 swamp worms
  24 orc warriors
  6 black bears
  10 swamp drakes
  2 ice beasts
  2 sky beasts (D:8)
  16 centaurs
  2 ogres (D:5)
  23 wolves
  A phantom (D:6)
  A kobold brigand (D:6)
  4 bullfrogs
  4 scorpions
  6 wights
  A hexer (D:14)
  5 killer bees (D:8)
  2 howler monkeys (D:11)
  2 electric eels
  A gnoll bouda (D:7)
  5 hounds
  2 jellies
  14 orc priests
  4 sleepcaps
  Jessica (D:2)
  5 iguanas
  9 orc wizards
  Robin (D:3)
  9 gnolls
  5 adders
  A shadow imp (D:5)
  3 white imps
  A worm (D:2)
  2 dart slugs
  46 orcs
  9 ball pythons
  6 endoplasms
  A giant cockroach (D:1)
  7 hobgoblins
  10 jackals
  13 kobolds
  6 quokkas
  6 bats
  4 frilled lizards
  25 goblins
  10 rats
673 creatures vanquished.

Vanquished Creatures (collateral kills)
  the Lernaean hydra (Swamp:4)
  Vashnia (Snake:3)
  2 thorn hunters
  A nagaraja (Snake:4)
  An orc warlord (Orc:2)
  An eleionoma (Swamp:2)
  2 salamander tyrants
  3 hydras
  A boulder beetle (D:12)
  A catoblepas (Lair:5)
  An anaconda (Snake:2)
  A two-headed ogre (D:11)
  2 tengu warriors (D:13)
  5 death yaks (Lair:5)
  4 naga warriors
  4 alligators
  A deep troll shaman (Lair:5)
  2 naga sharpshooters
  A skyshark (Lair:3)
  A skeletal warrior (D:15)
  A goliath frog (Swamp:2)
  A salamander mystic (Snake:2)
  A deep troll (D:15)
  2 spriggan druids
  3 swamp dragons (Swamp:4)
  A bog body (Swamp:4)
  6 mana vipers
  A necromancer (D:15)
  2 orc sorcerers
  2 ugly things
  A will-o-the-wisp (Swamp:1)
  3 salamanders
  A cyclops (D:12)
  6 black mambas
  A guardian serpent (Snake:1)
  3 naga magi
  2 cane toads
  A freezing wraith (D:14)
  A komodo dragon (Lair:4)
  2 rime drakes
  A polar bear (Lair:4)
  2 tyrant leeches (Swamp:4)
  2 polar bears (shapeshifter) (D:15)
  A dream sheep (Lair:5)
  2 blink frogs (Lair:3)
  A slime creature (D:14)
  A water elemental (D:14)
  2 vampires
  3 yaks
  4 nagas
  2 wargs
  3 swamp worms
  3 water moccasins
  6 orc warriors
  A swamp drake (Swamp:4)
  A centaur (D:13)
  5 wolves
  3 bullfrogs
  A killer bee (D:8)
  3 orc wizards
  A gnoll (D:7)
  6 orcs
  A butterfly (Lair:1)
132 creatures vanquished.

Vanquished Creatures (others)
  An orc priest (Orc:2)
  30 hexers
  An orc wizard (Orc:1)
  2 ancestors (D:8)
  24 foxfires
58 creatures vanquished.

Grand Total: 863 creatures vanquished

Notes
Turn   | Place    | Note
-------+----------+-------------------------------------------
     0 | D:1      | Kenran the Vampire Fighter began the quest for the Orb.
     0 | D:1      | Reached XP level 1. HP: 17/17 MP: 1/1
   134 | D:1      | Reached skill level 3 in Unarmed Combat
   138 | D:1      | Reached XP level 2. HP: 21/23 MP: 2/2
   390 | D:1      | Gained mutation: You are afflicted with vampirism and can
                  | become a bat while bloodless. [Vampire growth]
   390 | D:1      | Reached XP level 3. HP: 28/28 MP: 3/3
   561 | D:1      | Reached skill level 4 in Unarmed Combat
   637 | D:2      | Noticed Sigmund
   775 | D:2      | Noticed Jessica
   800 | D:2      | Killed Jessica
   801 | D:2      | Reached XP level 4. HP: 28/34 MP: 4/4
   903 | D:2      | Reached skill level 5 in Unarmed Combat
  1118 | D:2      | Found a burning altar of Makhleb.
  1257 | D:2      | Killed Sigmund
  1258 | D:2      | Reached skill level 7 in Unarmed Combat
  1258 | D:2      | Reached XP level 5. HP: 34/39 MP: 5/5
  1258 | D:2      | Reached XP level 6. HP: 40/46 MP: 6/6
  1587 | D:3      | Noticed Robin
  1690 | D:3      | Killed Robin
  1726 | D:3      | Found a blossoming altar of Fedhas.
  1730 | D:3      | Found an ancient bone altar of Kikubaaqudgha.
  1788 | D:3      | Found a faded altar of an unknown god.
  2079 | D:4      | Found Tuthroumm's Book Emporium.
  2183 | D:4      | Gained mutation: You are agile. (Dex +4, Str/Int -1)
                  | [potion of mutation]
  2183 | D:4      | Gained mutation: You expend magic power (3 MP) to
                  | strengthen your wands. [potion of mutation]
  2191 | D:4      | Reached skill level 8 in Unarmed Combat
  2320 | D:4      | Found the +7 staff of the Meek {protect, meekguard}
  2383 | D:4      | Reached XP level 7. HP: 51/51 MP: 7/7
  2587 | D:5      | Entered Level 5 of the Dungeon
  2639 | D:5      | Reached skill level 9 in Unarmed Combat
  2676 | D:5      | Noticed Menkaure
  2680 | D:5      | Killed Menkaure
  2775 | D:5      | Reached skill level 10 in Unarmed Combat
  2849 | D:5      | Found a stormy altar of Qazlal.
  2870 | D:5      | Reached XP level 8. HP: 58/58 MP: 8/8
  3091 | D:5      | Reached skill level 5 in Fighting
  3421 | D:6      | Reached skill level 1 in Dodging
  3421 | D:6      | Reached skill level 1 in Evocations
  3744 | D:6      | Found a staircase to the Ecumenical Temple.
  3772 | D:6      | Reached skill level 5 in Dodging
  3782 | Temple   | Entered the Ecumenical Temple
  3782 | Temple   | Found a transporter.
  3782 | Temple   | Found a transporter.
  3789 | Temple   | Found a transporter.
  3789 | Temple   | Found a transporter.
  3806 | Temple   | Became a worshipper of Hepliaklqana the Forgotten
  3944 | D:6      | Reached XP level 9. HP: 66/68 MP: 9/9
  4291 | D:7      | Found a flagged portal.
  4451 | Bailey   | Entered a bailey
  4456 | Bailey   | Noticed an orc warlord
  4551 | Bailey   | Found a runed translucent gate.
  4553 | Bailey   | Found a runed translucent gate.
  4555 | Bailey   | Found a runed translucent gate.
  4690 | D:7      | Reached * piety under Hepliaklqana
  5140 | D:8      | Noticed a manticore
  5151 | D:8      | Killed a manticore
  5152 | D:8      | Reached skill level 11 in Unarmed Combat
  5158 | D:8      | Found Qallik's Assorted Antiques.
  5178 | D:8      | Bought a potion of curing for 69 gold pieces
  5178 | D:8      | Bought a potion of curing for 69 gold pieces
  5225 | D:8      | Noticed a manticore
  5233 | D:8      | Killed a manticore
  5234 | D:8      | Reached XP level 10. HP: 52/71 MP: 10/10
  5388 | D:8      | Reached ** piety under Hepliaklqana
  5389 | D:8      | Remembered your ancestor Nindada as a hexer
  6080 | D:9      | Noticed Erolcha
  6085 | D:9      | Reached skill level 12 in Unarmed Combat
  6198 | D:9      | Killed Erolcha
  6236 | D:9      | Noticed Maggie
  6244 | D:9      | Killed Maggie
  6274 | D:9      | Identified the +1 scale mail of Lyov Raz {+Inv rElec Will++
                  | SInv}
  6323 | D:9      | You fall into a shaft and drop 3 floors!
  6331 | D:12     | Noticed a cyclops
  6338 | D:12     | Killed a cyclops
  6385 | D:11     | Noticed a two-headed ogre
  6395 | D:11     | Killed a two-headed ogre
  6396 | D:11     | Reached skill level 5 in Armour
  6442 | D:10     | Entered Level 10 of the Dungeon
  6573 | D:9      | Found a radiant altar of Vehumet.
  6775 | D:9      | Found a sacrificial altar of Ru.
  6800 | D:10     | Found a shimmering blue altar of Sif Muna.
  6848 | D:10     | Found a staircase to the Lair.
  6888 | D:10     | Reached *** piety under Hepliaklqana
  6907 | D:10     | Found a shimmering altar of Xom.
  6908 | D:10     | Noticed a two-headed ogre
  6927 | D:10     | Killed a two-headed ogre
  7088 | D:10     | Reached XP level 11. HP: 77/77 MP: 13/13
  7162 | D:10     | Noticed a green ugly thing
  7169 | D:10     | Killed a green ugly thing
  7729 | D:11     | Noticed a two-headed ogre
  7735 | D:11     | Killed a two-headed ogre
  7922 | D:11     | Found a staircase to the Orcish Mines.
  8081 | D:11     | Found a portal to a secret trove of treasure.
  8185 | Lair:1   | Entered Level 1 of the Lair of Beasts
  8276 | Lair:1   | Reached **** piety under Hepliaklqana
  8317 | Lair:1   | Noticed Grum
  8330 | Lair:1   | Killed Grum
  8518 | Lair:1   | Reached skill level 13 in Unarmed Combat
  8955 | Lair:2   | Noticed Gastronok
  8968 | Lair:2   | Killed Gastronok
  9288 | Lair:2   | Noticed a bog body
  9304 | Lair:2   | Killed a bog body
  9305 | Lair:2   | Reached XP level 12. HP: 78/87 MP: 14/14
  9334 | Lair:2   | Reached skill level 10 in Fighting
  9334 | Lair:2   | Found a staircase to the Swamp.
  9512 | Lair:2   | Reached skill level 14 in Unarmed Combat
 10105 | Lair:3   | Reached skill level 5 in Invocations
 10320 | Lair:3   | Found a staircase to the Snake Pit.
 10342 | Lair:3   | Reached ***** piety under Hepliaklqana
 10738 | Lair:3   | You fall into a shaft and drop 1 floor!
 11317 | Lair:4   | Found a staircase to the Slime Pits.
 11317 | Lair:4   | Found a viscous altar of Jiyva.
 11687 | Lair:5   | Entered Level 5 of the Lair of Beasts
 11919 | Lair:5   | Reached XP level 13. HP: 94/94 MP: 17/17
 11949 | Lair:5   | Identified the +8 great sword "Etujar" {heavy, *Noise Str+5
                  | Int+3}
 12343 | Lair:4   | Reached skill level 10 in Dodging
 14092 | Lair:5   | Got the Atlas of the Catacomb and Battling
 15354 | D:12     | Reached skill level 15 in Unarmed Combat
 15738 | D:12     | Reached ****** piety under Hepliaklqana
 15790 | D:12     | Found Gydud's Armour Boutique.
 15885 | D:12     | Reached XP level 14. HP: 97/103 MP: 20/20
 16350 | D:13     | Noticed Jorgrun
 17281 | D:13     | Killed Jorgrun
 17282 | D:13     | Reached skill level 16 in Unarmed Combat
 17761 | D:14     | Noticed Josephine
 17785 | D:14     | Killed Josephine
 17941 | D:14     | Reached skill level 10 in Invocations
 18001 | D:14     | Reached skill level 5 in Shields
 18188 | D:14     | Found a gate to the Vaults.
 18677 | D:14     | Upgraded the game from 0.31-a0-96-g196d5507e3 to
                  | 0.31-a0-105-gc0b45f0da6
 18952 | D:14     | Found a hide-covered altar of Uskayaw.
 19047 | D:15     | Entered Level 15 of the Dungeon
 19961 | D:15     | Found a staircase to the Depths.
 20099 | D:15     | Noticed a stone giant
 20337 | D:15     | Reached XP level 15. HP: 109/109 MP: 22/22
 20417 | D:15     | Found a staircase to the Depths.
 21047 | Orc:1    | Entered Level 1 of the Orcish Mines
 21184 | Orc:1    | Noticed Erica
 21193 | Orc:1    | Killed Erica
 21466 | Orc:1    | Found Xiqocwaa's Book Shoppe.
 21652 | Orc:2    | Entered Level 2 of the Orcish Mines
 21774 | Orc:2    | Found Nymy's General Store.
 22162 | Orc:2    | Found Wady's Jewellery Shoppe.
 22278 | Orc:2    | Found Zuz Oma's Antique Weapon Shop.
 22327 | Orc:2    | Found Ninah's Antique Armour Boutique.
 22339 | Orc:2    | Bought a pair of runed gloves for 195 gold pieces
 22386 | Orc:2    | Found Ohupsoep's General Store.
 22433 | Orc:2    | Bought a scroll of identify for 30 gold pieces
 22465 | Orc:2    | Found a staircase to the Elven Halls.
 22547 | Orc:2    | Bought a scroll of acquirement for 676 gold pieces
 22547 | Orc:2    | Bought a scroll of enchant armour for 97 gold pieces
 22549 | Orc:2    | Bought a scroll of identify for 26 gold pieces
 22552 | Orc:2    | Acquired 580 gold pieces
 22669 | Orc:2    | Bought a ring of poison resistance for 260 gold pieces
 22669 | Orc:2    | Bought the amulet of Liberty {Rampage rF+ Regen+ Str-3} for
                  | 490 gold pieces
 22791 | Orc:2    | Bought a box of beasts for 600 gold pieces
 22923 | D:8      | Bought a wooden ring for 115 gold pieces
 22923 | D:8      | Bought a potion of haste for 230 gold pieces
 23036 | Snake:1  | Entered Level 1 of the Snake Pit
 23841 | Snake:1  | Found an ornate altar of the Wu Jian Council.
 24510 | Snake:2  | Found a runed translucent door.
 25129 | Snake:3  | Reached skill level 17 in Unarmed Combat
 25154 | Snake:3  | Noticed Vashnia
 25632 | Snake:3  | Reached XP level 16. HP: 70/119 MP: 23/23
 26271 | Snake:3  | Found Geus's Self-Improvement Boutique.
 26592 | Snake:3  | Reached skill level 18 in Unarmed Combat
 27066 | Snake:3  | Killed Vashnia
 27433 | Swamp:1  | Entered Level 1 of the Swamp
 27761 | Swamp:1  | HP: 1/119 [will-o-the-wisp/foxfire (16)]
 28179 | Swamp:2  | Noticed a thorn hunter
 28486 | Swamp:2  | Noticed a thorn hunter
 28499 | Swamp:2  | Killed a thorn hunter
 28779 | Swamp:2  | Killed a thorn hunter
 28821 | Swamp:2  | Noticed Nikola
 28839 | Swamp:2  | Killed Nikola
 29334 | Swamp:3  | Noticed a thorn hunter
 29595 | Swamp:3  | Killed a thorn hunter
 29785 | Swamp:3  | Reached skill level 15 in Fighting
 29924 | Swamp:3  | Found a runed translucent gate.
 29924 | Swamp:3  | Found a runed translucent gate.
 29926 | Swamp:3  | Found a runed translucent gate.
 29926 | Swamp:3  | Noticed Cahekav's ghost (journeyman DrIE)
 30267 | Swamp:3  | Killed Cahekav's ghost
 30276 | Swamp:3  | Acquired the +3 pair of mountain boots {steadfast, rC+}
 30276 | Swamp:3  | Found the +3 pair of mountain boots {steadfast, rC+}
 30357 | Swamp:4  | Entered Level 4 of the Swamp
 30385 | Swamp:4  | Reached XP level 17. HP: 127/127 MP: 24/24
 30704 | Swamp:4  | Reached skill level 10 in Armour
 30733 | Swamp:4  | Noticed the 27-headed Lernaean hydra
 31090 | Swamp:4  | Killed the 27-headed Lernaean hydra
 31280 | Swamp:4  | Got a decaying rune of Zot
 31547 | Snake:4  | Entered Level 4 of the Snake Pit
 31669 | Snake:4  | Found Lucaar's Antique Armour Emporium.
 31989 | Snake:4  | Reached skill level 5 in Evocations
 32063 | Snake:4  | Noticed Agnes
 32063 | Snake:4  | Noticed Mlioglotl
 32067 | Snake:4  | Noticed an ancient lich
 32196 | Snake:4  | HP: 3/129 [guardian serpent (16)]
 32197 | Snake:4  | Annihilated by a nagaraja

Illustrated notes

Levels and vault maps discovered:
D:1:      scummos_arrival_star, layout_loops_ring, amcnicky_mini_pool_small
D:2:      cheibrodos_pilgrimage, layout_loops_cross, basic_altar, uniq_sigmund,
          uniq_jessica
D:3:      layout_rooms, grunt_temple_overflow_growth_and_decay,
          nicolae_ecumenical_lake_church, uniq_robin
D:4:      layout_cave_pools, serial_shops, shop, pf_guarded_unrand_meek
D:5:      layout_basic, mainiacjoe_overflow_24_doors, tso_altar,
          kennysheep_windowed_goal, uniq_menkaure
D:6:      layout_basic, minmay_temple_entry_proselytizer, grunt_ministairs_1,
          st_stairs_7, minmay_misc_feat_rows
D:7:      layout_gridville, enter_bailey_5
D:8:      layout_layer_cave, serial_shops, shop
D:9:      layout_basic, gammafunk_temple_overflow_wave,
          nicolae_vehumet_radiance, uniq_maggie, uniq_erolcha
D:10:     layout_irregular_city, amcnicky_altar_gilded,
          nicolae_overflow_hidden_temple, lair_entry_dummy
D:11:     layout_cave_pools, david_orc_3, enter_trove_6
D:12:     layout_grid_maze, serial_shops, nicolae_shop_behind_doors
D:13:     layout_roguey, chequers_serial_rivers_large_b, abandoned_shop,
          uniq_jorgrun
D:14:     layout_basic, david_vaults_1, portal_ice_cave_entry_frozen_things,
          nicolae_water_bricks, hangedman_decor_opposing,
          nicolae_uskayaw_en_pointe, uniq_josephine
D:15:     hangedman_depths_entry_civil_slaughter, layout_long_grid,
          minmay_misc_feat_square
Temple:   hellmonk_temple_divided_pantheon
Lair:1:   layout_chaotic_city, grunt_megastairs_2, lemuel_fruit_fields,
          uniq_grum
Lair:2:   layout_small_grid, nicolae_swamp_entry_splash_gauntlet,
          nicolae_quartered_pool_medium, uniq_gastronok
Lair:3:   layout_small_grid, guppyfry_snake_entry_island,
          infiniplex_staircase_pool_2
Lair:4:   layout_regular_city, slime_entry_1, fungi_pond_lemuel,
          grunt_megastairs_4
Lair:5:   grunt_lair_end_beastmaster, layout_layer_cave, wad_woods_river_02,
          serial_bayou_shore_b, serial_bayou_shore_a, lemuel_fruit_fields,
          serial_bayou_shore_b
Swamp:1:  layout_falls_marsh, evilmike_swamp_ruin_house_6,
          nicolae_swamp_spooky_pond
Swamp:2:  layout_basic_swamp, evilmike_swamp_ruin_house_1, swamp_pool2,
          uniq_nikola
Swamp:3:  layout_basic_swamp, ebering_ghost_rock_garden,
          evilmike_swamp_ruin_house_5, swamp_pool4
Swamp:4:  swamp_old_school, layout_basic_swamp
Snake:1:  layout_cave_pods, basic_altar
Snake:2:  cheibrodos_toxic_ritual, layout_gridlike, lemuel_fruit_tree
Snake:3:  layout_honeycomb, nicolae_shop_self_help, grunt_megastairs_5,
          uniq_vashnia
Snake:4:  grunt_snake_rune_serpentine_throne, layout_cave_town, serial_shops,
          nicolae_shop_real_fake_doors, uniq_agnes, uniq_mlioglotl
Orc:1:    layout_diamond_mine, serial_shops, nicolae_shop_rolling_square,
          basic_altar, uniq_erica
Orc:2:    grunt_orc_gardens, layout_caves, grunt_orc_garden, grunt_orc_garden,
          grunt_orc_garden, grunt_orc_garden, serial_shops,
          nicolae_shop_window_shopping

Skill      XL: |  1  2  3  4  5  6  7  8  9 10 11 12 13 14 15 16 17 |
---------------+----------------------------------------------------+-----
Unarmed Combat | 3 4 7 8 10 11 12 13 14 15 16 17 18 | 18.0
Fighting       | 3 5 7 8 9 10 12 14 15 16 | 16.0
Dodging        | 5 8 9 10 12 14 | 14.0
Evocations     | 3 5 |  5.4
Shields        | 4 8 |  8.9
Armour         | 3 6 7 8 9 10 | 10.0
Invocations    | 3 6 8 10 | 10.0

Action                     |  1- 3 |  4- 6 |  7- 9 | 10-12 | 13-15 | 16-18 || total
---------------------------+-------+-------+-------+-------+-------+-------++-------
  Melee: Unarmed           |   102 |   173 |   332 |   465 |  1117 |   768 ||  2957
         Bite              |     9 |     7 |    30 |    70 |   207 |   131 ||   454
 Invoke: Recall Ancestor   |       |       |       |     3 |     8 |     5 ||    16
         Ancestor Life: He |       |       |       |     1 |       |       ||     1
         Idealise          |       |       |       |       |       |     1 ||     1
         Transference      |       |       |       |       |       |     1 ||     1
  Evoke: Wand              |       |       |     2 |     9 |     3 |    19 ||    33
         Box of beasts     |       |       |       |       |       |     3 ||     3
    Use: Potion            |       |     6 |     1 |     1 |     5 |     9 ||    22
         Scroll            |       |       |     6 |    11 |    13 |    18 ||    48
   Stab: Paralysed         |       |       |     2 |     6 |    46 |    48 ||   102
         Distracted        |       |       |     1 |    15 |    18 |    18 ||    52
         Confused          |       |       |       |    18 |    20 |    13 ||    51
         Invisible         |       |       |       |     1 |       |     2 ||     3
 Armour: Scale mail        |    12 |       |       |    99 |   256 |       ||   367
         Chain mail        |    40 |    90 |    51 |       |   109 |   272 ||   562
         Plate armour      |       |       |    48 |    29 |       |       ||    77
         Swamp dragon scal |       |       |       |       |       |    81 ||    81
  Dodge: Dodged            |    23 |    63 |    64 |   159 |   452 |   362 ||  1123
  Block: Buckler           |    27 |    24 |   143 |   177 |   171 |       ||   542
         Reflection        |       |       |     8 |     6 |    21 |       ||    35
         Kite shield       |       |       |       |       |   461 |   348 ||   809

Table legend: (Time is in decaauts)
 A = Elapsed time spent in this place.
 B = Non-inter-level travel time spent in this place.
 C = Inter-level travel time spent in this place.
 D = Time resting spent in this place.
 E = Time spent auto-exploring this place.
 F = Levels seen in this place.
 G = Mean time per level.
                   A        B        C        D        E       F      G
               +--------+--------+--------+--------+--------+-----+--------+
         Total |  32139 |  30062 |   2077 |   5392 |  17170 |  32 | 1004.3 |
       Dungeon |  13926 |  12948 |    978 |   1850 |   7935 |  15 |  928.4 |
        Temple |     39 |     26 |     13 |      0 |      6 |   1 |   39.0 |
          Lair |   6977 |   6603 |    374 |   1348 |   4056 |   5 | 1395.4 |
         Swamp |   4263 |   4050 |    213 |    671 |   2277 |   4 | 1065.8 |
     Snake Pit |   4936 |   4638 |    298 |   1204 |   2053 |   4 | 1234.0 |
  Orcish Mines |   1768 |   1568 |    200 |    300 |    836 |   2 |  884.0 |
        Bailey |    227 |    227 |      0 |     19 |      6 |   1 |  227.0 |
               +--------+--------+--------+--------+--------+-----+--------+

Top non-repeatable levels by time:
  Lair:5: 2830 daAuts
    D:15: 1828 daAuts
 Snake:2: 1653 daAuts
 Snake:3: 1579 daAuts
    D:14: 1538 daAuts
  Lair:4: 1401 daAuts
    D:12: 1298 daAuts
 Swamp:2: 1234 daAuts
    D:13: 1168 daAuts
 Swamp:4: 1095 daAuts
     D:8: 1094 daAuts
   Orc:2: 1076 daAuts
 Snake:1: 1075 daAuts
 Swamp:3: 1075 daAuts
  Lair:3: 994 daAuts
